 Dungeon Crawl Stone Soup version 0.31-a0-1008-g5b978da (webtiles) character file.

Game seed: 17613954125406601089

4043 PurpleRed the Destroyer (level 10, -4/56 HPs)
             Began as a Deep Elf Brigand on Nov 12, 2023.
             Was a Priest of Vehumet.
             Slain by an orc wizard
             ... wielding a +2 dagger of electrocution
              (20 damage)
             ... on level 9 of the Dungeon.
             The game lasted 00:38:33 (3481 turns).

PurpleRed the Destroyer (Deep Elf Brigand)          Turns: 3481, Time: 00:38:33

Health: -4/56      AC:  7    Str:  8    XL:     10   Next: 4%
Magic:  3/24       EV: 14    Int: 21    God:    Vehumet [***...]
Gold:   390        SH:  0    Dex: 16    Spells: 10/25 levels left

rFire   . . .        a - staff of conjuration
rCold   + . .        (no shield)
rNeg    . . .        C - +0 robe of Disguise {*Slow SInv Archmagi}
rPois   .            B - +0 helmet
rElec   .            c - +0 cloak
rCorr   +            k - +0 pair of gloves
SInv    +            t - +1 pair of boots
Will    +....        (no amulet)
Stlth   +++          v - ring of resist corrosion
HPRegen 0.29/turn    r - ring of protection from cold
MPRegen 0.19/turn

%: slow self (1%), archmagi
@: no status effects
A: no striking features
a: Renounce Religion


You were on level 9 of the Dungeon.
You worshipped Vehumet.
Vehumet was most pleased with you.
You visited 2 branches of the dungeon, and saw 10 of its levels.

You collected 390 gold pieces.

Inventory:

Hand Weapons
 b - a +2 dagger of venom
 o - a +3 dagger
 q - a +2 long sword of flaming
Missiles
 d - 8 poisoned darts (quivered)
 L - a curare-tipped dart
Armour
 c - a +0 cloak (worn)
 f - a +0 robe
 h - the +0 ring mail of Rounuaz {Str+4 Int+3}
   (You found it on level 2 of the Dungeon)

   Str+4:     It affects your strength (+4).
   Int+3:     It affects your intelligence (+3).
 k - a +0 pair of gloves (worn)
 n - a +1 ring mail of poison resistance
 t - a +1 pair of boots (worn)
 u - a scarf of repulsion
 B - a +0 helmet (worn)
 C - the +0 robe of Disguise (worn) {*Slow SInv Archmagi}
   (You found it on level 6 of the Dungeon)

   SInv:      It lets you see invisible.
   *Slow:     It may slow you when you take damage.
   Archmagi:  It increases the power of your magical spells.
 E - a +2 leather armour of positive energy
 K - +0 steam dragon scales
Magical Staves
 a - a staff of conjuration (weapon)
 I - a staff of air
Jewellery
 m - a ring of ice
 r - a ring of protection from cold (right hand)
 v - a ring of resist corrosion (left hand)
 D - a +6 ring of strength
Wands
 e - a wand of flame (5)
 l - a wand of acid (1)
 J - a wand of roots (11)
Scrolls
 x - 2 scrolls of blinking
 y - 2 scrolls of identify
 z - a scroll of revelation
 H - a scroll of fog
Potions
 g - 2 potions of brilliance
 i - 2 potions of cancellation
 j - a potion of mutation
 p - a potion of magic
 s - 2 potions of ambrosia {unknown}
 w - 2 potions of resistance {unknown}
 A - a potion of curing {unknown}
 F - 2 potions of enlightenment {unknown}


   Skills:
 + Level 3.5 Fighting
 - Level 2.0 Short Blades
 - Level 2.0 Throwing
 + Level 4.6 Dodging
 - Level 4.8 Stealth
 - Level 8.0 Spellcasting
 - Level 12.0 Conjurations
 - Level 4.0 Translocations
 * Level 2.2 Fire Magic


You had 10 spell levels left.
You knew the following spells:

 Your Spells              Type           Power      Damage    Failure   Level
a - Momentum Strike       Conj/Tloc      100%       3d10      1%          2
b - Sandblast             Erth           24%        2d8       2%          1
c - Iskenderun's Mystic   Conj/Tloc      76%        2d15      1%          4
d - Scorch                Fire           52%        2d7       1%          2
e - Flame Wave            Conj/Fire      72%        2d16      1%          4
q - Blink                 Tloc           74%        N/A       2%          2

Your spell library contained the following spells:

 Spells                   Type           Power      Damage    Failure   Level
 Volatile Blastmotes      Fire/Tloc      64%        2d15      1%          3
 Lesser Beckoning         Tloc           74%        N/A       2%          2
 Tukima's Dance           Hex            12%        N/A       24%         3
 Dimensional Bullseye     Hex/Tloc       12%        N/A       34%         4
 Summon Cactus Giant      Summ           6%         N/A       100%        6


Dungeon Overview and Level Annotations

Branches:
Dungeon (9/15)             Temple (1/1) D:7            Lair (0/5) D:8
    Orc: D:9-12

Altars:
Ashenzari
Cheibriados
Dithmenos
Elyvilon
Fedhas
Gozag
Kikubaaqudgha
Makhleb
Nemelex Xobeh
Okawaru
Qazlal
Ru
Sif Muna
Trog
Vehumet
Wu Jian
Xom
Yredelemnul
Zin
The Shining One

Shops:
D:3 :


Message History

The orc moves out of view.
Items here: )) [ †.
Casting: Iskenderun's Mystic Blast (dangerous; 1% risk of failure)
Confirm with . or Enter, or press ? or * to list all spells.
You feel a strong surge of power!
You erupt in a blast of force!
The mystic blast hits the orc wizard!!
You kill the orc wizard!
Vehumet accepts your kill.
You feel your power returning.
The mystic blast hits the orc wizard!
The orc wizard is severely wounded.
The orc wizard is knocked back by the mystic blast.
You hear a shout!
The orc warrior unwields a +0 morningstar.
The orc warrior wields a +0 arbalest.
The orc warrior shoots a bolt.
The bolt barely misses you.
An orc comes into view. It is wielding a +0 club.
A kobold brigand comes into view.
It is wielding a +0 dagger and quivering poisoned darts.
The kobold brigand shouts!
You hear a shout!
Found a wand of flame (15).
An orc comes into view. It is wielding a +0 falchion.
Found a stone staircase leading down.
A kobold comes into view. It is wielding a +0 whip.
A kobold comes into view. It is wielding a +0 short sword.
The orc warrior shoots a bolt.
The bolt completely misses you.
The orc wizard points at you and mumbles some strange words.
The magic dart hits you.
The kobold brigand hits you with a +0 dagger.
The kobold throws a stone.
The stone closely misses you.
Casting: Iskenderun's Mystic Blast (dangerous; 1% risk of failure)
Confirm with . or Enter, or press ? or * to list all spells.
You don't have enough magic to cast this spell.
The orc wizard points at you and mumbles some strange words.
The puff of flame hits you. The orc attacks as it pursues you!
The orc misses you.
The kobold brigand hits you with a +0 dagger!
The orc wizard attacks as it pursues you!
The orc wizard hits you with a +2 dagger of electrocution.
* * * LOW HITPOINT WARNING * * *
You are electrocuted!!
You die...

#...................
.........#.........
.........<.........
+##+###............##. ...
#.....#....##......# ....
#.....#......#.....###....
+##'.....##...........#
#..#.................# ##
#..#........@......K/#
....#..#.....####oK...##..#
._..'..'......###o....K...#
....#..#...................
###+#..#.....###.##o.......
#..#%....##.o#.o.......
+##'.....###)..........
#.....#......##)o..###..>.
#.... #............# ...#


You could see an orc warrior, a kobold brigand, an orc wizard, 2 orcs and 2
kobolds.

Vanquished Creatures
  Maggie (D:7)
  A rime drake (D:8)
  Grinder (D:3)
  A wyvern (D:7)
  Duvessa (D:5)
  3 orc warriors
  3 ice beasts (D:8)
  A sky beast (D:7)
  4 ogres
  4 wolves (D:8)
  3 scorpions
  4 bullfrogs
  A water moccasin zombie (D:4)
  Dowan (D:5)
  4 killer bees (D:8)
  3 howler monkeys (D:7)
  A jelly (D:5)
  2 orc priests (D:7)
  2 gnoll boudas (D:5)
  Ijyb (D:5)
  5 hounds
  4 sleepcaps
  4 iguanas
  5 orc wizards
  2 hound zombies (D:4)
  A gnoll (D:5)
  11 adders
  2 white imps (D:6)
  2 ufetubi (D:5)
  2 worms
  2 dart slugs
  23 orcs
  5 endoplasms
  4 giant cockroaches
  6 goblins
  11 hobgoblins
  6 jackals
  3 kobolds
  2 quokkas (D:1)
  11 ball pythons
  2 bats (D:2)
  6 frilled lizards
  6 rats
167 creatures vanquished.

Notes
Turn   | Place    | Note
-------+----------+-------------------------------------------
     0 | D:1      | PurpleRed the Deep Elf Brigand began the quest for the Orb.
     0 | D:1      | Reached XP level 1. HP: 12/12 MP: 3/3
    38 | D:1      | Reached skill level 1 in Spellcasting
   131 | D:1      | Reached XP level 2. HP: 16/16 MP: 7/7
   149 | D:2      | Found a stormy altar of Qazlal.
   155 | D:2      | Identified the +0 ring mail of Rounuaz {Str+4 Int+3}
   340 | D:2      | Reached XP level 3. HP: 7/20 MP: 10/10
   459 | D:1      | Found a faded altar of an unknown god.
   785 | D:3      | Reached skill level 5 in Spellcasting
   785 | D:3      | Reached XP level 4. HP: 7/25 MP: 13/13
   804 | D:3      | Found a radiant altar of Vehumet.
   832 | D:3      | Became a worshipper of Vehumet
   837 | D:3      | Noticed Grinder
   839 | D:3      | Paralysed by Grinder for 2 turns
   846 | D:3      | Killed Grinder
   847 | D:3      | Reached XP level 5. HP: 25/29 MP: 14/17
   847 | D:3      | Reached XP level 6. HP: 29/34 MP: 14/18
   905 | D:3      | Found Tioh's Book Boutique.
  1112 | D:3      | Reached skill level 1 in Conjurations
  1224 | D:5      | Entered Level 5 of the Dungeon
  1239 | D:5      | Noticed Ijyb
  1250 | D:5      | Killed Ijyb
  1251 | D:5      | Reached skill level 2 in Conjurations
  1292 | D:5      | Reached skill level 3 in Conjurations
  1349 | D:5      | Learned a level 2 spell: Momentum Strike
  1352 | D:5      | Learned a level 2 spell: Lesser Beckoning
  1504 | D:5      | Reached skill level 1 in Translocations
  1531 | D:5      | Reached skill level 4 in Conjurations
  1531 | D:5      | Reached XP level 7. HP: 28/38 MP: 16/20
  1670 | D:6      | Found a shadowy altar of Dithmenos.
  1676 | D:6      | Reached skill level 5 in Conjurations
  1825 | D:5      | Reached * piety under Vehumet
  1825 | D:5      | Offered knowledge of Sandblast by Vehumet.
  1826 | D:5      | Reached skill level 6 in Conjurations
  1828 | D:5      | Learned a level 1 spell: Sandblast
  1839 | D:5      | Noticed Duvessa
  1839 | D:5      | Noticed Dowan
  1860 | D:5      | Killed Duvessa
  1861 | D:5      | Reached skill level 7 in Conjurations
  1861 | D:5      | Reached XP level 8. HP: 15/43 MP: 16/22
  1866 | D:5      | Killed Dowan
  2098 | D:4      | Reached skill level 8 in Conjurations
  2242 | D:4      | Found a basalt altar of Yredelemnul.
  2425 | D:6      | Reached skill level 9 in Conjurations
  2475 | D:6      | Identified the +0 robe of Disguise {*Slow SInv Archmagi}
  2499 | D:6      | Learned a level 2 spell: Blink
  2552 | D:6      | Found a glowing golden altar of the Shining One.
  2604 | D:6      | Found an ancient bone altar of Kikubaaqudgha.
  2693 | D:6      | Offered knowledge of Shock by Vehumet.
  2776 | D:6      | Reached ** piety under Vehumet
  2777 | D:6      | Reached skill level 10 in Conjurations
  2842 | D:6      | Found a blossoming altar of Fedhas.
  2877 | D:7      | Found a staircase to the Ecumenical Temple.
  2901 | Temple   | Entered the Ecumenical Temple
  2936 | D:7      | Reached XP level 9. HP: 18/47 MP: 23/23
  2941 | D:7      | Reached skill level 11 in Conjurations
  3030 | D:7      | Learned a level 4 spell: Iskenderun's Mystic Blast
  3053 | D:7      | Found a broken altar of Ashenzari.
  3208 | D:7      | Noticed Maggie
  3218 | D:7      | Killed Maggie
  3247 | D:8      | Noticed a rime drake
  3255 | D:8      | Killed a rime drake
  3260 | D:8      | Reached skill level 12 in Conjurations
  3287 | D:8      | Offered knowledge of Volatile Blastmotes by Vehumet.
  3292 | D:8      | Learned a level 2 spell: Scorch
  3297 | D:8      | Learned a level 4 spell: Flame Wave
  3366 | D:8      | Reached skill level 1 in Fire Magic
  3373 | D:8      | Found a staircase to the Lair.
  3431 | D:9      | Found a sacrificial altar of Ru.
  3455 | D:9      | Reached XP level 10. HP: 56/56 MP: 11/24
  3457 | D:9      | Reached *** piety under Vehumet
  3481 | D:9      | Slain by an orc wizard

Illustrated notes

Levels and vault maps discovered:
D:1:      dpeg_arrival_round_c, layout_basic, nicolae_ecumenical_snake_handling,
          minmay_distorted
D:2:      layout_loops_cross, basic_altar, hex_tiny, amethyst_killhole,
          dreamdust_mushroom_princess
D:3:      layout_loops_corners, vehumet_altar_wand_db, serial_shops,
          nicolae_shop_rolling_square, uniq_robin, uniq_grinder
D:4:      layout_basic, nicolae_yredelemnul_corpse_copse
D:5:      layout_rooms, serial_glass, glass_columns_a, glass_columns_c,
          moated_statue, minmay_fractal_squares_diagonal_5, uniq_duvessa,
          uniq_ijyb
D:6:      layout_loops_cross, lemuel_crystal_altar, kiku_gazebo_garden_becter,
          nicolae_tso_swordbearing_angel, fedhas_altar_2, minivault_10,
          kennysheep_generic_room_4
D:7:      layout_basic, cheibrodos_ashenzari_chains, minmay_temple_entry_wispy,
          uniq_maggie
D:8:      layout_basic, hellmonk_lair_entry_icy, ebering_ghost_disaster_area,
          kennysheep_windowed_goal
D:9:      layout_cave_pools, mainiacjoe_overflow_24_doors, jmf_multi_god_temple,
          grunt_ministairs_7
Temple:   hellmonk_temple_flake

Skill      XL: |  1  2  3  4  5  6  7  8  9 10 |
---------------+-------------------------------+-----
Spellcasting   | 2 3 5 7 8 |  8.0
Conjurations   | 4 7 10 12 | 12.0
Translocations | 1 2 4 |  4.0
Dodging        | 4 |  4.6
Fighting       | 3 |  3.5
Fire Magic     | 1 2 |  2.2
Short Blades   | |  2.0
Throwing       | |  2.0
Stealth        | |  4.8

Action                     |  1- 3 |  4- 6 |  7- 9 | 10-12 || total
---------------------------+-------+-------+-------+-------++-------
  Melee: Dagger            |   155 |    83 |   158 |       ||   396
         Punch             |     4 |       |     1 |       ||     5
         Staff             |       |       |     1 |       ||     1
  Throw: Dart              |     4 |    35 |    22 |       ||    61
   Cast: Momentum Strike   |       |     3 |    43 |       ||    46
         Sandblast         |       |       |    28 |       ||    28
         Iskenderun's Myst |       |       |    10 |     3 ||    13
         Scorch            |       |       |    10 |     2 ||    12
  Evoke: Wand              |       |    12 |    23 |       ||    35
    Use: Potion            |       |     1 |     4 |       ||     5
         Scroll            |       |     7 |     6 |       ||    13
   Stab: Sleeping          |    10 |     3 |     5 |       ||    18
 Armour: Robe              |     7 |       |     1 |    10 ||    18
         Ring mail         |    65 |    35 |   162 |       ||   262
  Dodge: Dodged            |    62 |    41 |    93 |     7 ||   203

Table legend: (Time is in decaauts)
 A = Elapsed time spent in this place.
 B = Non-inter-level travel time spent in this place.
 C = Inter-level travel time spent in this place.
 D = Time resting spent in this place.
 E = Time spent auto-exploring this place.
 F = Levels seen in this place.
 G = Mean time per level.
                   A        B        C        D        E       F      G
               +--------+--------+--------+--------+--------+-----+--------+
         Total |   3440 |   3440 |      0 |     88 |      0 |  10 |  344.0 |
       Dungeon |   3439 |   3439 |      0 |     88 |      0 |   9 |  382.1 |
        Temple |      1 |      1 |      0 |      0 |      0 |   1 |    1.0 |
               +--------+--------+--------+--------+--------+-----+--------+

Top non-repeatable levels by time:
     D:5: 781 daAuts
     D:6: 586 daAuts
     D:3: 503 daAuts
     D:7: 372 daAuts
     D:1: 361 daAuts
     D:2: 301 daAuts
     D:4: 298 daAuts
     D:8: 166 daAuts
     D:9: 65 daAuts
  Temple: 1 daAuts
